 Dungeon Crawl Stone Soup version 0.30-a0-304-gdc4b735fe1 (webtiles) character file.

Game seed: 7304894258464639103

32 Darkkill the Conjurer (level 3, -3/16 HPs)
             Began as a Vine Stalker Conjurer on Oct 20, 2022.
             Succumbed to a scorpion's poison
             ... on level 2 of the Dungeon.
             The game lasted 00:00:53 (1241 turns).

Darkkill the Conjurer (Vine Stalker Conjurer)       Turns: 1241, Time: 00:00:54

Health: -3/16      AC:  3    Str:  9    XL:     3   Next: 25%
Magic:  2/8        EV: 12    Int: 20    God:
Gold:   10         SH:  0    Dex: 12    Spells: 6/7 levels left

rFire   . . .      SeeInvis .    g - +0 whip (flame)
rCold   . . .      Faith    .    (no shield)
rNeg    . . .      Spirit   +    a - +1 robe
rPois   .          Reflect  .    (no helmet)
rElec   .          Harm     .    (no cloak)
rCorr   .          Rampage  .    (no gloves)
Will    .....                    (no boots)
Stlth   ++........               (no amulet)
HPRegen 0.22/turn                (no ring)
MPRegen 0.11/turn                (no ring)

@: lethally poisoned (-3 -> -19)
A: fangs 2, magic shield, antimagic bite, no potion heal 2
a: no special abilities


You were on level 2 of the Dungeon.
You visited 1 branch of the dungeon, and saw 2 of its levels.

You collected 10 gold pieces.

Inventory:

Hand Weapons
 g - a +0 whip of flaming (weapon)
Missiles
 f - 5 stones
Armour
 a - a +1 robe (worn)
Jewellery
 k - a ring of protection from cold
Potions
 b - a potion of magic
 d - a potion of cancellation {unknown}
 h - a potion of ambrosia {unknown}


   Skills:
 + Level 2.0 Dodging
 + Level 3.1 Stealth
 + Level 2.6 Spellcasting
 + Level 4.2 Conjurations


You had 6 spell levels left.
You knew the following spells:

 Your Spells              Type           Power      Damage    Failure   Level
a - Magic Dart            Conj           76%        1d6       2%          1

Your spell library contained the following spells:

 Spells                   Type           Power      Damage    Failure   Level
 Searing Ray              Conj           38%        2d5       3%          2
 Dazzling Flash           Conj/Hex       22%        N/A       19%         3
 Fulminant Prism          Conj/Hex       5%         3d7       52%         4
 Iskenderun's Mystic Bla  Conj/Tloc      11%        2d4       52%         4


Dungeon Overview and Level Annotations

Branches:
Dungeon (2/15)

Altars:


Innate Abilities, Weirdness & Mutations

You have extremely sharp teeth.
When hurt, damage is shared between your health and your magic reserves.
Your bite disrupts and absorbs the magic of your enemies.
Potions cannot restore your health.


Message History

A frilled lizard comes into view.
The frilled lizard hisses angrily.
A goblin comes into view. It is wielding a +0 club.
There are monsters nearby!
The magic dart hits the frilled lizard.
You kill the frilled lizard!
The goblin shouts!
The magic dart hits the goblin.
The goblin is heavily wounded.
A goblin is nearby!
A goblin is nearby!
The magic dart hits the goblin.
You kill the goblin!
k - a ring of protection from cold You can't see any susceptible monsters within range! (Use Z to cast anyway.)
You now have 10 gold pieces.
Found a spear.
You can't see any susceptible monsters within range! (Use Z to cast anyway.)
You can't see any susceptible monsters within range! (Use Z to cast anyway.)
You see here a +0 spear.
You see here a +0 spear.
There is a stone staircase leading down here.
Done exploring.
Done exploring.
You can't see any susceptible monsters within range! (Use Z to cast anyway.)
As you read the scroll labelled IQUAZA COOFIOSS, it crumbles to dust.
It is a scroll of brand weapon.
Your +0 whip of electrocution is engulfed in flames!
g - a +0 whip of flaming (weapon)
As you read the scroll labelled POULIPN PEISI, it crumbles to dust.
The air around you briefly surges with heat, but it dissipates.
It was a scroll of immolation.
As you read the scroll labelled XAULOI VOIHIAGE, it crumbles to dust.
It is a scroll of amnesia.
Really abort (and waste the scroll)?
Okay, then.
As you read the scroll labelled OZEGGI NURAAXO, it crumbles to dust.
It is a scroll of enchant armour.
Your +0 robe glows green for a moment.
There is a stone staircase leading down here.
There is a stone staircase leading down here.
You climb downwards.
Found an escape hatch in the floor.
There is a stone staircase leading up here.
There are monsters nearby!
The magic dart hits the ball python.
You kill the ball python!
A scorpion is nearby!
The magic dart hits the scorpion.
The scorpion is lightly wounded.
A scorpion is nearby!
The magic dart hits the scorpion.
The scorpion is moderately wounded.
A scorpion is nearby!
The magic dart hits the scorpion.
The scorpion is heavily wounded.
The scorpion closely misses you. x2
A scorpion is nearby!
You closely miss the scorpion.
The scorpion is heavily wounded.
The scorpion closely misses you.
You hit the scorpion. You burn the scorpion.
The scorpion is severely wounded.
The scorpion stings you but does no damage.
You barely miss the scorpion.
The scorpion is severely wounded.
The scorpion stings you.
You are poisoned.
The scorpion poisons you! The scorpion barely misses you.
You hit the scorpion. You burn the scorpion. Your bite misses the scorpion.
The scorpion is almost dead.
You feel very sick. The scorpion closely misses you.
You barely miss the scorpion.
You bite the scorpion, but do no damage.
The scorpion is almost dead.
You feel very sick. The scorpion misses you.
You barely miss the scorpion. Your bite misses the scorpion.
The scorpion is almost dead.
You feel sick.
The scorpion stings you but does no damage.
The scorpion barely misses you.
You closely miss the scorpion.
You bite the scorpion, but do no damage.
The scorpion is almost dead.
You feel sick. The scorpion barely misses you.
You hit the scorpion but do no damage.
The scorpion is almost dead.
You feel sick. The scorpion closely misses you.
You hit the scorpion but do no damage. You bite the scorpion.
You drain its power.
You feel invigorated.
The scorpion is almost dead.
You feel sick. The scorpion stings you.
* * * LOW HITPOINT WARNING * * *
You are more poisoned.
The scorpion poisons you! The scorpion barely misses you.
You hit the scorpion but do no damage.
The scorpion is almost dead.
You die...

... #.#
..# ...
#.#
#.####.#
#......#
#@#
#s.....#
#..>...#
.......#
.......#
...######
...#
....#


You could see a scorpion.

Vanquished Creatures
  3 dart slugs (D:1)
  5 endoplasms (D:1)
  5 goblins (D:1)
  A hobgoblin (D:1)
  3 ball pythons
  5 bats (D:1)
  A frilled lizard (D:1)
  2 kobolds (D:1)
25 creatures vanquished.

Notes
Turn   | Place    | Note
-------+----------+-------------------------------------------
     0 | D:1      | Darkkill the Vine Stalker Conjurer began the quest for the
                  | Orb.
     0 | D:1      | Reached XP level 1. HP: 9/9 MP: 4/4
   269 | D:1      | Reached XP level 2. HP: 13/13 MP: 0/6
   808 | D:1      | Reached XP level 3. HP: 14/16 MP: 2/7
  1226 | D:2      | Noticed a scorpion
  1240 | D:2      | HP: 1/16 [scorpion (3)]
  1241 | D:2      | Succumbed to a scorpion's poison

Illustrated notes

Levels and vault maps discovered:
D:1:      minmay_arrival_jagged, layout_loops_ring
D:2:      layout_basic

Skill      XL: |  1  2  3 |
---------------+----------+-----
Stealth        | 3 |  3.1
Dodging        | 2 |  2.0
Spellcasting   | |  2.6
Conjurations   | |  4.2

Action                   || total
-------------------------++-------
Melee: Whip              ||    10
       Bite              ||     3
 Cast: Magic Dart        ||    54
  Use: Scroll            ||     4
Armor: Robe              ||     2
Dodge: Dodged            ||    11

Table legend: (Time is in decaauts)
 A = Elapsed time spent in this place.
 B = Non-inter-level travel time spent in this place.
 C = Inter-level travel time spent in this place.
 D = Time resting spent in this place.
 E = Time spent auto-exploring this place.
 F = Levels seen in this place.
 G = Mean time per level.
                   A        B        C        D        E       F      G
               +--------+--------+--------+--------+--------+-----+--------+
         Total |   1241 |   1241 |      0 |      0 |   1098 |   2 |  620.5 |
       Dungeon |   1241 |   1241 |      0 |      0 |   1098 |   2 |  620.5 |
               +--------+--------+--------+--------+--------+-----+--------+

Top non-repeatable levels by time:
     D:1: 1225 daAuts
     D:2: 15 daAuts

Table legend:
 A = Kills in this place as a percentage of kills in entire the game.
 B = Kills by you in this place as a percentage of kills by you in the entire game.
 C = Kills by friends in this place as a percentage of kills by friends in the entire game.
 D = Other kills in this place as a percentage of other kills in the entire game.
 E = Experience gained in this place as a percentage of experience gained in the entire game.
 F = Experience gained in this place divided by the number of levels of this place that you have seen.
                   A       B       C       D       E      F
               +-------+-------+-------+-------+-------+----------------------
         Total | 100.0 | 100.0 |   N/A |   N/A | 100.0 |  23.0
       Dungeon | 100.0 | 100.0 |   N/A |   N/A | 100.0 |  23.0
               +-------+-------+-------+-------+-------+----------------------
